 Dungeon Crawl Stone Soup version 0.19-a0-503-g45a6586 (webtiles) character file.

130 Skanax the Grave Robber (level 4, -8/33 HPs)
             Began as a Demonspawn Necromancer on June 5, 2016.
             Killed by divine providence
             ... invoked by an orc priest
              (13 damage)
             ... on level 3 of the Dungeon.
             The game lasted 00:14:00 (3090 turns).

Skanax the Grave Robber (Demonspawn Necromancer)    Turns: 3090, Time: 00:14:01

Health: -8/33      AC:  5    Str:  8    XL:     4   Next: 90%
Magic:  2/9        EV: 13    Int: 18    God:
Gold:   131        SH:  2    Dex: 13    Spells: 4 memorised, 0 levels left

rFire  . . .     SeeInvis .     (no weapon)
rCold  . . .     Gourm    .     a - +0 robe
rNeg   . . .     Faith    .     (no shield)
rPois  .         Spirit   .     (no helmet)
rElec  .         Dismiss  .     (no cloak)
rCorr  .         Reflect  .     (no gloves)
SustAt .         Harm     .     c - +0 pair of boots
MR     .....                    (no amulet)
Stlth  ++........               (no ring)
                                (no ring)

@: not resistant to hostile enchantments, unstealthy
A: claws 1, large bone plates 1, spiny 1
a: no special abilities


You were on level 3 of the Dungeon.
You were hungry.

You visited 1 branch of the dungeon, and saw 3 of its levels.

You collected 131 gold pieces.

Inventory:

Hand Weapons
 d - a +0 short sword
Armour
 a - a +0 robe (worn)
 c - a +0 pair of boots (worn)
Scrolls
 e - 2 scrolls of teleportation
 f - 2 scrolls of identify
 g - a scroll of magic mapping
Potions
 h - a potion of invisibility
Books
 b - a book of Necromancy

   Spells                             Type                      Level
   a - Pain                           Necromancy                   1
   b - Animate Skeleton               Necromancy                   1
   c - Vampiric Draining              Necromancy                   3
   d - Regeneration                   Charms/Necromancy            3
   e - Animate Dead                   Necromancy                   4
   f - Control Undead                 Necromancy                   4


   Skills:
 + Level 1.9 Fighting
 + Level 2.8 Dodging
 - Level 1.7 Stealth
 * Level 3.3 Spellcasting
 + Level 4.7 Necromancy


You couldn't memorise any spells.
You knew the following spells:

 Your Spells              Type           Power        Failure   Level  Hunger
a - Pain                  Necr           ###.         1%          1    None
b - Animate Skeleton      Necr           N/A          1%          1    None
c - Regeneration          Chrm/Necr      ##........   21%         3    ###....
d - Animate Dead          Necr           N/A          24%         4    ####...


Dungeon Overview and Level Annotations

Branches:
Dungeon (3/15)

Altars:


Innate Abilities, Weirdness & Mutations

You have sharp fingernails.
You are partially covered in large bone plates. (AC +2, SH +2)
You are partially covered in sharp spines.


Message History

Your goblin zombie is destroyed!
Your rat zombie closely misses the orc priest.
Your skin is crawling a little less now.
Your skin stops crawling.
Casting: Regeneration
Confirm with . or Enter, or press ? or * to list all spells.
Aiming: Pain
Press: ? - help, Shift-Dir - straight line, f - orc priest
Aim: an orc priest, wielding a club (chance to defeat MR: 80%)
The orc priest convulses in agony!
You scratch the orc priest.
The orc priest is severely wounded.
The orc priest calls down the wrath of Beogh upon you.
Beogh smites you!
* * * LOW HITPOINT WARNING * * *
You scratch the orc priest.
The orc priest is almost dead.
The orc priest mumbles some strange prayers to Beogh against you.
Beogh smites you!
You die...

#####.....#...
...
#.Z.Z.##.##..#
....
####Z######.###.#
.... #....# ###.#
#.# ..... #.####
#...# #.#
...####.# ##.###
#.# ...#..# #.<#
#.# #.#o#### #Z##
#.. #o.@...####.#
##. #.####...##Z#
#) ##.# ###....#
#. #Z)# ###### #.
#o## #( .)o #.
....# #( #....
###. ....#.
###...


You could see 2 orc priests.

Vanquished Creatures
  3 gnolls (D:2)
  An adder (D:2)
  An ooze (D:3)
  2 adder zombies (D:2)
  An adder skeleton (D:2)
  3 worms
  2 dart slugs (D:2)
  A giant gecko (D:1)
  An orc (D:3)
  5 giant cockroaches
  7 hobgoblins
  5 jackals
  8 kobolds
  2 quokkas
  A ball python (D:1)
  5 bats
  A giant gecko zombie (D:2)
  3 giant newts (D:2)
  7 goblins
  6 rats
65 creatures vanquished.

Vanquished Creatures (collateral kills)
  A bat (D:3)
  A giant newt (D:1)
  A rat (D:1)
  A withered plant (D:2)
4 creatures vanquished.

Grand Total: 69 creatures vanquished

Notes
Turn   | Place    | Note
--------------------------------------------------------------
     0 | D:1      | Skanax the Demonspawn Necromancer began the quest for the Orb.
     0 | D:1      | Reached XP level 1. HP: 13/13 MP: 3/3
    33 | D:1      | Learned a level 1 spell: Animate Skeleton
   217 | D:1      | Gained mutation: You are partially covered in large bone plates. (AC +2, SH +2) [demonic ancestry]
   217 | D:1      | Reached XP level 2. HP: 4/20 MP: 1/5
   819 | D:1      | Reached skill level 1 in Fighting
   962 | D:1      | Gained mutation: You are partially covered in sharp spines. [demonic ancestry]
   962 | D:1      | Reached XP level 3. HP: 25/26 MP: 3/6
   967 | D:1      | Learned a level 3 spell: Regeneration
  2092 | D:2      | Gained mutation: You have sharp fingernails. [demonic ancestry]
  2092 | D:2      | Reached XP level 4. HP: 30/32 MP: 6/8
  2226 | D:2      | Learned a level 4 spell: Animate Dead
  3090 | D:3      | Killed from afar by an orc priest

Vault maps used:
D:1:      nicolae_arrival_washed_ashore
D:2:      serial_undead, serial_undead_c, serial_undead_c, serial_undead_b,
          serial_undead_c

Skill      XL: |  1  2  3  4 |
---------------+-------------+-----
Dodging        | 2 |  2.8
Fighting       | 1 |  1.9
Spellcasting   | 3 |  3.3
Stealth        | |  1.7
Necromancy     | |  4.7

Action                   |  1- 3 |  4- 6 || total
-------------------------+-------+-------++-------
Melee: Unarmed           |    20 |    20 ||    40
       Short sword       |   110 |       ||   110
 Cast: Pain              |    70 |    39 ||   109
       Animate Skeleton  |    15 |     3 ||    18
       Regeneration      |     1 |     1 ||     2
       Animate Dead      |       |     3 ||     3
  Use: Scroll            |     4 |       ||     4
       Potion            |     4 |     1 ||     5
  Eat: Chunk             |     1 |     3 ||     4
       Bread ration      |     1 |       ||     1
Armor: Robe              |    14 |     3 ||    17
Dodge: Dodged            |    39 |    16 ||    55
Block: Other             |     3 |     1 ||     4
